 Dungeon Crawl Stone Soup version 0.19.5 (webtiles) character file.

28 popno the Stinger (level 3, 0/24 HPs)
             Began as a Formicid Venom Mage on Apr 24, 2017.
             Slain by a goblin
             ... wielding a +0 club
             ... led by Robin
              (5 damage)
             ... on level 2 of the Dungeon.
             The game lasted 00:07:32 (1262 turns).

popno the Stinger (Formicid Venom Mage)             Turns: 1262, Time: 00:07:33

Health: 0/24       AC:  6    Str: 12    XL:     3   Next: 27%
Magic:  0/6        EV: 10    Int: 15    God:
Gold:   31         SH:  0    Dex: 11    Spells: 2 memorised, 2 levels left

rFire  . . .     SeeInvis +     l - +0 mace
rCold  . . .     Gourm    .     k - +0 ring mail
rNeg   . . .     Faith    .     (no shield)
rPois  .         Spirit   .     (helmet unavailable)
rElec  .         Reflect  .     (no cloak)
rCorr  .         Harm     .     d - +0 pair of gloves
MR     .....                    (no boots)
Stlth  +.........               (no amulet)
                                (no ring)
                                (no ring)

@: very slightly contaminated
A: permanent stasis, dig shafts and tunnels, four strong arms, antennae 3
a: Dig, Shaft Self


You were on level 2 of the Dungeon.
You were not hungry.

You visited 1 branch of the dungeon, and saw 2 of its levels.

You collected 31 gold pieces.

Inventory:

Hand Weapons
 l - a +0 mace (weapon)
Missiles
 e - 11 arrows
Armour
 a - a +0 robe
 d - a +0 pair of gloves (worn)
 k - a +0 ring mail (worn)
Scrolls
 h - a scroll of remove curse
Potions
 f - a potion of heal wounds {unknown}
Books
 b - a Young Poisoner's Handbook

   Spells                             Type                      Level
   a - Sting                          Conjuration/Poison           1
   b - Mephitic Cloud                 Conjuration/Poison/Air       3
   c - Olgreb's Toxic Radiance        Poison                       4
   d - Alistair's Intoxication        Transmutation/Poison         5
   e - Venom Bolt                     Conjuration/Poison           5
Comestibles
 c - a bread ration
 g - a royal jelly


   Skills:
 + Level 0.2 Fighting
   Level 0.2 Short Blades
 + Level 0.2 Maces & Flails
 + Level 1.9 Dodging
 + Level 2.7 Stealth
 + Level 2.3 Spellcasting
 + Level 0.6 Conjurations
 + Level 5.8 Poison Magic


You had 2 spell levels left.
You knew the following spells:

 Your Spells              Type           Power        Failure   Level  Hunger
a - Sting                 Conj/Pois      ##..         14%         1    #......
b - Mephitic Cloud        Conj/Pois/Air  #.......     69%         3    ###....


Dungeon Overview and Level Annotations

Branches:
Dungeon (2/15)

Altars:

Annotations:
D:2 Robin


Innate Abilities, Weirdness & Mutations

You are under a permanent stasis effect.
You can dig through walls and to a lower floor.
Your four strong arms can wield two-handed weapons with a shield.
You have a pair of large antennae on your head. (SInv)


Message History

That beam is likely to hit you.
Continue anyway?
Uppercase [Y]es or [N]o only, please.
That beam is likely to hit you.
Continue anyway?
You miscast Mephitic Cloud.
Your vision is briefly tinged with green.
The goblin no longer looks unusually strong.
The goblin hits you but does no damage.
A goblin comes into view.
Unknown command.
You completely miss Robin.
Robin is severely wounded.
The goblin no longer looks unusually strong.
Robin barely misses you. The goblin closely misses you.
Robin roars a battlecry!
The goblins go into a battle-frenzy!
You hit Robin but do no damage.
Robin is severely wounded.
The hobgoblin no longer looks unusually strong. x2
The goblin hits you with a club.
You die...

######### .##......#
.##......# { ..#......#
{{{
###......##########g#g##
...............g@ggggr..
###......##########g#.##
# #......##### #
#..........#
#####........######
...................
#####........###### ..#
#........# #.#
#........#


You could see Robin, 3 hobgoblins, 4 goblins and a rat.

Vanquished Creatures
  A leopard gecko (D:1)
  3 giant cockroaches
  2 hobgoblins (D:1)
  2 kobolds
  A ball python (D:1)
  4 bats
  3 frilled lizards
  4 goblins
  6 rats
26 creatures vanquished.

Notes
Turn   | Place    | Note
-------+----------+-------------------------------------------
     0 | D:1      | popno the Formicid Venom Mage began the quest for the Orb.
     0 | D:1      | Reached XP level 1. HP: 13/13 MP: 3/3
   350 | D:1      | Reached XP level 2. HP: 18/19 MP: 3/5
   998 | D:2      | Reached XP level 3. HP: 22/24 MP: 3/6
  1146 | D:2      | Learned a level 3 spell: Mephitic Cloud
  1244 | D:2      | Noticed Robin
  1262 | D:2      | Slain by a goblin

Action                   || total
-------------------------++-------
Melee: Unarmed           ||     9
       Dagger            ||    34
       Mace              ||    27
 Cast: Sting             ||    37
  Use: Scroll            ||     3
       Potion            ||     3
  Eat: Meat ration       ||     1
Armor: Robe              ||    18
       Ring mail         ||    18
Dodge: Dodged            ||    72
